 Dungeon Crawl Stone Soup version 0.19.1-1-g22dce08 (webtiles) character file.

76 zhar the Sneak (level 4, 0/30 HPs)
             Began as a Vampire Necromancer on Jan 19, 2017.
             Slain by an adder (3 damage)
             ... on level 3 of the Dungeon.
             The game lasted 00:13:12 (2736 turns).

zhar the Sneak (Vampire Necromancer)                Turns: 2736, Time: 00:13:12

Health: 0/30       AC:  2    Str:  7    XL:     4   Next: 12%
Magic:  3/7        EV: 12    Int: 18    God:
Gold:   190        SH:  0    Dex: 14    Spells: 1 memorised, 6 levels left

rFire  . . .     SeeInvis +     g - +0 short sword
rCold  + . .     Gourm    .     a - +0 robe
rNeg   + + +     Faith    .     (no shield)
rPois  +         Spirit   .     (no helmet)
rElec  .         Reflect  .     (no cloak)
rCorr  .         Harm     .     (no gloves)
MR     .....                    (no boots)
Stlth  ++++......               (no amulet)
                                (no ring)
                                p - ring of positive energy

@: lethally poisoned (0 -> -4), very slightly contaminated, regenerating slowly
A: fangs 3, see invisible, unbreathing
a: Bat Form


You were on level 3 of the Dungeon.
You were thirsty.

You visited 1 branch of the dungeon, and saw 3 of its levels.

You collected 190 gold pieces.

Inventory:

Hand Weapons
 f - a +0 dagger
 g - a +0 short sword (weapon)
Armour
 a - a +0 robe (worn)
 d - a +0 cloak
 j - a cursed +0 chain mail
Jewellery
 p - a ring of positive energy (left hand)
Scrolls
 m - a scroll of fog {unknown}
Potions
 c - 15 potions of blood
 i - a potion of brilliance {unknown}
 k - 2 potions of haste {unknown}
 l - a potion of degeneration {unknown}
 n - a potion of heal wounds {unknown}
 o - a potion of resistance {unknown}
Books
 b - a book of Necromancy

   Spells                             Type                      Level
   a - Pain                           Necromancy                   1
   b - Animate Skeleton               Necromancy                   1
   c - Vampiric Draining              Necromancy                   3
   d - Regeneration                   Charms/Necromancy            3
   e - Animate Dead                   Necromancy                   4
   f - Control Undead                 Necromancy                   4


   Skills:
 + Level 1.2 Short Blades
 - Level 2.1 Dodging
 - Level 6.5 Stealth
 - Level 2.0 Spellcasting
 - Level 4.3 Necromancy


You had 6 spell levels left.
You knew the following spells:

 Your Spells              Type           Power        Failure   Level  Hunger
a - Pain                  Necr           ###.         3%          1    #......


Dungeon Overview and Level Annotations

Branches:
Dungeon (3/15)

Altars:
Sif Muna


Innate Abilities, Weirdness & Mutations

You heal slowly.
You have razor-sharp teeth.
You have supernaturally acute eyesight. (SInv)
You can survive without breathing.


Message History

You hit the adder.
The adder is almost dead.
The adder barely misses you.
You barely miss the adder.
The adder is almost dead.
The adder bites you.
* * * LOW HITPOINT WARNING * * *
You are poisoned.
The adder poisons you! The adder completely misses you.
You barely miss the adder.
The adder is almost dead.
You feel sick. The adder barely misses you.
You miss the adder.
The adder is almost dead.
The adder bites you.
* * * LOW HITPOINT WARNING * * *
You closely miss the adder.
The adder is almost dead.
The adder bites you.
You die...

#.#.#... <....... .
....g#.#.#... .. .....
#... ...#######......#
#... ......... ......
.#.#. ......##......
...#... ...##..........#
#..###. ...(..S@.....###
#..#...
.........###.#.#.#..#.#.
....##.#.........#..#.#.
.............######.#.#.
= ........(.........#.#.
#.....#.......>...<..##
......#.##############
#.....>.# ########


You could see an adder.

Vanquished Creatures
  An adder (D:3)
  An ooze (D:3)
  2 dart slugs (D:2)
  2 leopard geckos
  7 bats
  3 giant cockroaches (D:1)
  5 goblins
  9 hobgoblins
  2 jackals (D:2)
  2 ball pythons
  4 frilled lizards
  8 kobolds
  9 rats
55 creatures vanquished.

Notes
Turn   | Place    | Note
-------+----------+-------------------------------------------
     0 | D:1      | zhar the Vampire Necromancer began the quest for the Orb.
     0 | D:1      | Reached XP level 1. HP: 13/13 MP: 3/3
   221 | D:1      | Reached skill level 4 in Stealth
   337 | D:1      | Reached XP level 2. HP: 18/19 MP: 1/5
   745 | D:1      | Reached skill level 5 in Stealth
  1071 | D:1      | Reached XP level 3. HP: 19/24 MP: 1/6
  1780 | D:2      | Found a deep blue altar of Sif Muna.
  1791 | D:2      | Reached skill level 6 in Stealth
  2594 | D:3      | Reached XP level 4. HP: 23/30 MP: 3/7
  2726 | D:3      | Reached skill level 1 in Short Blades
  2736 | D:3      | Slain by an adder

Skill      XL: |  1  2  3  4 |
---------------+-------------+-----
Stealth        | 4 5 6 |  6.5
Short Blades   | 1 |  1.2
Dodging        | |  2.1
Spellcasting   | |  2.0
Necromancy     | |  4.3

Action                   |  1- 3 |  4- 6 || total
-------------------------+-------+-------++-------
Melee: Short sword       |    25 |    10 ||    35
 Cast: Pain              |    74 |     4 ||    78
  Use: Potion            |     4 |       ||     4
       Scroll            |     4 |       ||     4
 Stab: Sleeping          |     8 |       ||     8
Armor: Robe              |     9 |       ||     9
Dodge: Dodged            |    32 |     6 ||    38
